Map: Rainfall LE

Players

naane - Winner!

  • Race: Protoss Protoss

VOD

Have the link to the VOD?

Description

Time

  • Played on: Aug. 22, 2026, 11:14 a.m.
  • Length: 14:59
Show
View Real Time Build Order
Export as new Build Order

naane Protoss - Winner!

Build Orders:  

Get SALT Encoding   

  8  0:01  Probe (Chrono Boost)  
  9  0:12  Probe (Chrono Boost)  
  10  0:24  Probe (Chrono Boost)  
  12  0:40  Probe (Chrono Boost)  
  12  0:48  Pylon  
  12  0:57  Probe (Chrono Boost)  
  13  1:15  Probe (Chrono Boost)  
  14  1:24  Gateway  
  14  1:29  Probe (Chrono Boost)  
  15  1:41  Probe (Chrono Boost)  
  16  1:52  Probe (Chrono Boost)  
  16  1:59  Forge  
  17  2:01  Assimilator  
  17  2:09  Probe (Chrono Boost)  
  18  2:22  Pylon  
  18  2:27  Probe (Chrono Boost)  
  19  2:30  Zealot  
  22  2:50  Probe (Chrono Boost)  
  22  3:06  Cybernetics Core  
  22  3:17  Zealot  
  24  3:25  Probe (Chrono Boost)  
  25  3:31  Assimilator  
  25  3:37  Probe (Chrono Boost)  
  26  3:44  Pylon  
  26  3:48  Probe (Chrono Boost)  
  26  3:52  Protoss Ground Weapons Level 1 (Chrono Boost)  
  26  3:55  Zealot  
  30  4:10  Probe (Chrono Boost)  
  30  4:27  Probe (Chrono Boost)  
  29  4:33  Zealot  
  31  4:44  Probe (Chrono Boost)  
  32  5:01  Probe (Chrono Boost), Nexus  
  33  5:18  Probe  
  33  5:19  Gateway  
  34  5:22  Warp Gate  
  34  5:23  Pylon  
  34  5:27  Zealot  
  36  5:57  Pylon  
  36  6:03  Gateway  
  36  6:04  Gateway  
  36  6:11  Zealot  
  38  6:27  Twilight Council  
  38  6:36  Gateway  
  38  6:43  Gateway  
  38  6:45  Probe  
  38  6:49  Probe  
  40  7:03  Probe  
  40  7:06  Probe (Chrono Boost)  
  42  7:16  Probe (Chrono Boost)  
  42  7:17  Pylon  
  42  7:25  Probe (Chrono Boost)  
  42  7:28  Probe (Chrono Boost)  
  45  7:44  Probe x2 (Chrono Boost)  
  47  7:53  Protoss Ground Weapons Level 2 (Chrono Boost)  
  47  7:55  Probe (Chrono Boost)  
  47  7:56  Probe (Chrono Boost)  
  45  8:20  Zealot  
  45  8:21  Zealot x2  
  45  8:32  Zealot  
  43  8:40  Zealot  
  43  8:41  Zealot  
  43  8:56  Zealot  
  43  8:57  Zealot, Charge  
  43  8:58  Zealot  
  43  9:12  Probe x2  
  43  9:17  Zealot x2  
  44  9:20  Zealot  
  44  9:29  Probe  
  44  9:38  Zealot  
  44  9:39  Zealot  
  46  9:40  Zealot  
  48  10:11  Gateway  
  48  10:12  Probe x2  
  48  10:13  Gateway  
  48  10:16  Gateway  
  50  10:22  Gateway  
  50  10:23  Pylon, Gateway  
  50  10:26  Gateway  
  50  10:29  Probe x2  
  52  10:32  Pylon  
  52  10:34  Pylon  
  52  10:37  Pylon  
  52  10:45  Probe  
  52  10:46  Probe  
  54  10:54  Zealot x2  
  54  10:55  Zealot x2  
  54  10:58  Zealot  
  64  11:02  Zealot  
  64  11:03  Probe  
  67  11:20  Probe  
  68  11:32  Nexus  
  56  11:50  Protoss Ground Weapons Level 3 (Chrono Boost), Gateway  
  56  11:56  Zealot x2  
  56  11:57  Zealot x3  
  58  12:26  Photon Cannon  
  58  12:27  Photon Cannon  
  52  12:54  Zealot  
  52  12:55  Zealot x3  
  52  12:57  Zealot  
  60  13:01  Nexus  
  60  13:25  Zealot x4  
  60  13:26  Zealot x2  
  72  13:45  Zealot x3  
  72  13:46  Zealot x2  
  82  14:05  Zealot  
  82  14:06  Zealot x4  
  90  14:51  Zealot  
  90  14:52  Zealot  
  90  14:53  Zealot x2  
  90  14:54  Zealot x2  
Tags
 
Add a new tag
Caveats
  • Supply blocks, unpowered buildings, or Contaminate may cause inaccurate times.
  • Supply counts are checked every 10 seconds.